 Dungeon Crawl Stone Soup version 0.31.0-1-g2c135a008e (webtiles) character file.

Game seed: 3124622823495664987

1274 qw the Shooter (level 8, -1/59 HPs)
             Began as a Djinni Hunter on Jan 23, 2024.
             Slain by a mummy (16 damage)
             ... in an ossuary.
             The game lasted 00:00:25 (5341 turns).

qw the Shooter (Djinni Hunter)                      Turns: 5341, Time: 00:00:25

Health: -1/59      AC:  5    Str: 10    XL:     8   Next: 83%
Gold:   289        EV: 17    Int: 11    God:
                   SH:  0    Dex: 19

rFire   + + .        a - +0 shortbow
rCold   x . .        (shield currently unavailable)
rNeg    . . .        h - +0 ring mail
rPois   inf          (no helmet)
rElec   .            i - scarf {repulsion}
rCorr   +            (no gloves)
SInv    .            (boots unavailable)
Will    .....        (no amulet)
Stlth   +            c - ring of resist corrosion
HPRegen 0.29/turn    j - +5 ring of evasion
MPRegen 0.00/turn

%: repel missiles, infuse magic (-2 HP)
@: flying
A: sickness immunity, fire resistance 2, cold vulnerability 1, float, innate
caster, HP casting, extra vitality 1
a: no special abilities


You were in an ossuary.
You visited 1 branch of the dungeon, and saw 6 of its levels.
You also visited: Ossuary.

You collected 289 gold pieces.


Innate Abilities, Weirdness & Mutations

You are immune to sickness and miasma.
You are immune to poison.
Your flesh is very heat resistant. (rF++)
You are vulnerable to cold. (rC-)
You float through the air rather than walking.
You learn spells naturally, not from books.
Your magical power is your life essence.
You have superior vitality. (+4 MHP)


   Skills:
 - Level 5.0 Fighting
 + Level 7.5 Ranged Weapons
 - Level 1.3 Armour
 - Level 4.2 Dodging
 - Level 0.7 Stealth


You knew the following spells:

 Your Spells              Type           Power      Damage    Failure   Level
a - Foxfire               Conj/Fire      0%         2x1d4     65%         1
b - Call Imp              Summ           0%         N/A       80%         2
c - Dazzling Flash        Conj/Hex       0%         N/A       95%         3
Your spell library was empty.

Inventory:

Hand Weapons
 a - a +0 shortbow (weapon)
Armour
 h - a +0 ring mail (worn)
 i - a scarf of repulsion (worn)
Jewellery
 c - a ring of resist corrosion (left hand)
 j - a +5 ring of evasion (right hand)
 n - a ring of positive energy
Scrolls
 b - a scroll of identify
Potions
 d - a potion of resistance
 e - a potion of might
 f - 2 potions of haste {unknown}
 g - 2 potions of heal wounds {unknown}
 k - 3 potions of curing
 m - a potion of brilliance
 o - a potion of magic {unknown}

Dungeon Overview and Level Annotations

Branches:
Dungeon (6/15)            Ossuary (1/1)
 Temple: D:4-7

Altars:


Message History

The scorpion zombie completely misses you.
The human zombie barely misses you.
You shoot an arrow.
The arrow hits the scorpion zombie but does no damage.
The scorpion zombie is severely damaged.
The scorpion zombie hits you. The human zombie hits you.
A mummy opens the door.
You shoot an arrow. The arrow hits the scorpion zombie!
The scorpion zombie is almost destroyed.
The scorpion zombie misses you. The human zombie misses you.
The scorpion zombie misses you.
You shoot an arrow. The arrow hits the scorpion zombie!
You destroy the scorpion zombie!
The human zombie misses you.
You shoot an arrow. The arrow hits the human zombie.
The human zombie is lightly damaged.
The human zombie hits you but does no damage.
You shoot an arrow. The arrow hits the human zombie!
The human zombie is moderately damaged.
The human zombie hits you.
You shoot an arrow.
The arrow closely misses the human zombie.
The human zombie hits you.
You shoot an arrow. The arrow hits the human zombie.
The human zombie is heavily damaged.
The human zombie closely misses you.
You shoot an arrow.
The arrow barely misses the human zombie.
You shoot an arrow. The arrow hits the human zombie!
The human zombie is heavily damaged.
The human zombie barely misses you.
You shoot an arrow.
The arrow closely misses the human zombie.
The human zombie closely misses you.
You shoot an arrow. The arrow hits the human zombie!
The human zombie is severely damaged.
The human zombie hits you.
You shoot an arrow. The arrow hits the human zombie!
The human zombie is almost destroyed.
The human zombie hits you. The mummy hits you!
You die...

##8...8######...........#
#.......#...#.....8.....#
#...8...#...'.....#.....#
#...#...#...#.....#.....#
##'#######'###########'##
#...#...#...#...#...#...#
#...'...8...#...'...'...#
#...#.......#...#...#...#
######8%..8###@##########
#.?M#.......#.ZM# #M!?#
#..?#...8...#...8. #..?#
#?.?#...#...#.......#.!.#
##+###########8...8###+##
.......# '...8...'.
...#...#.


You could see a mummy and a human zombie.

Vanquished Creatures
  2 black bears
  A bullfrog (D:6)
  4 scorpions (Ossuary)
  A wight (D:4)
  2 centaur zombies (Ossuary)
  A bombardier beetle (D:5)
  4 hounds
  A human zombie (Ossuary)
  A sleepcap (D:5)
  5 scorpion zombies (Ossuary)
  Natasha (thrice) (D:2)
  An iguana (D:5)
  A mummy (Ossuary)
  4 gnolls (D:4)
  7 adders
  A shadow imp (D:6)
  2 ufetubi (D:5)
  3 adder zombies (Ossuary)
  4 dart slugs
  A ribbon worm (D:3)
  11 orcs
  5 ball pythons
  8 endoplasms
  3 giant cockroaches
  2 gnoll zombies (Ossuary)
  A goblin (D:2)
  5 hobgoblins
  5 quokkas
  2 ball python zombies (Ossuary)
  5 bats
  6 frilled lizards
  9 kobolds
  2 orc zombies (Ossuary)
  4 rats
117 creatures vanquished.

Notes
Turn   | Place    | Note
-------+----------+-------------------------------------------
     0 | D:1      | qw the Djinni Hunter began the quest for the Orb.
     0 | D:1      | Reached XP level 1. HP: 18/18 MP: 0/0
     0 | D:1      | 0 ||| qw: Version: 0.3-a-134-g2ba4250
     0 | D:1      | 0 ||| qw: Game counter: 763
     0 | D:1      | 0 ||| qw: Melee chars always use a shield: true
     0 | D:1      | 0 ||| qw: God list: Okawaru
     0 | D:1      | 0 ||| qw: Allow faded altars: false
     0 | D:1      | 0 ||| qw: Do Orc after clearing Dungeon:15 true
     0 | D:1      | 0 ||| qw: Do second Lair branch before Depths: true
     0 | D:1      | 0 ||| qw: Lair rune preference: random
     0 | D:1      | 0 ||| qw: Goals: Normal
     0 | D:1      | 0 ||| PLANNING D:1-11
    99 | D:1      | Reached XP level 2. HP: 23/23 MP: 0/0
   227 | D:1      | Reached XP level 3. HP: 28/28 MP: 0/0
   227 | D:1      | Learned a level 1 spell: Foxfire
   233 | D:1      | Reached skill level 4 in Ranged Weapons
   262 | D:1      | Found a faded altar of an unknown god.
   687 | D:1      | 687 ||| READING 2 scrolls labelled QEWUKE NUJETO.
   687 | D:1      | 687 ||| IDENTIFYING fizzy white potion
   688 | D:1      | 688 ||| READING scroll of identify.
   688 | D:1      | 688 ||| IDENTIFYING bubbling yellow potion
   689 | D:1      | 689 ||| READING scroll labelled JINOCI DOOZE.
   690 | D:1      | 690 ||| DROPPING scroll of butterflies.
   986 | D:2      | Noticed Natasha
   994 | D:2      | Killed Natasha
   995 | D:2      | Reached skill level 3 in Fighting
   995 | D:2      | Reached XP level 4. HP: 34/35 MP: 0/0
  1385 | D:2      | Noticed Natasha
  1388 | D:2      | Killed Natasha
  1389 | D:2      | Reached skill level 3 in Dodging
  1449 | D:2      | Reached XP level 5. HP: 40/40 MP: 0/0
  1449 | D:2      | Learned a level 2 spell: Call Imp
  1483 | D:2      | Noticed Natasha
  1487 | D:2      | Killed Natasha
  1563 | D:2      | 1563 ||| READING scroll labelled ZAH XAYFEOL.
  1567 | D:2      | 1567 ||| READING scroll labelled GIYHAI NEIPTUNG.
  1567 | D:2      | 1567 ||| ENCHANTING +0 shortbow.
  1568 | D:2      | 1568 ||| READING scroll labelled HAAPRY FYLASHRU.
  2251 | D:3      | 2251 ||| UPGRADING to +0 ring mail.
  2261 | D:3      | 2261 ||| DROPPING +0 leather armour.
  2262 | D:3      | 2262 ||| DRINKING 2 metallic emerald potions.
  2282 | D:3      | 2282 ||| DRINKING 2 dark potions.
  2283 | D:3      | 2283 ||| DRINKING 2 inky potions.
  2284 | D:3      | 2284 ||| DROPPING potion of lignification.
  2285 | D:3      | 2285 ||| DROPPING potion of attraction.
  2407 | D:4      | Reached skill level 1 in Armour
  2413 | D:4      | Reached XP level 6. HP: 38/46 MP: 0/0
  2480 | D:4      | Noticed a black bear
  2481 | D:4      | 2481 ||| FLEEEEING.
  2482 | D:4      | 2482 ||| FLEEEEING.
  2483 | D:4      | 2483 ||| FLEEEEING.
  2488 | D:4      | 2488 ||| FLEEEEING.
  2550 | D:4      | Killed a black bear
  2551 | D:4      | Reached skill level 5 in Ranged Weapons
  2679 | D:4      | 2679 ||| FLEEEEING.
  2680 | D:4      | 2680 ||| FLEEEEING.
  2681 | D:4      | 2681 ||| FLEEEEING.
  2694 | D:4      | 2694 ||| FLEEEEING.
  2695 | D:4      | 2695 ||| FLEEEEING.
  2696 | D:4      | 2696 ||| FLEEEEING.
  2699 | D:4      | 2699 ||| FLEEEEING.
  2700 | D:4      | 2700 ||| FLEEEEING.
  2701 | D:4      | 2701 ||| FLEEEEING.
  2702 | D:4      | 2702 ||| FLEEEEING.
  2703 | D:4      | 2703 ||| STAIRDANCE
  2722 | D:3      | 2722 ||| UPGRADING to scarf of repulsion.
  2727 | D:3      | 2727 ||| UPGRADING to ring of resist corrosion.
  2728 | D:3      | 2728 ||| UPGRADING to +5 ring of evasion.
  2729 | D:3      | 2729 ||| READING scroll labelled NIEMIU QIMINKE.
  2733 | D:4      | 2733 ||| STAIRDANCE
  2841 | D:4      | Reached XP level 7. HP: 51/51 MP: 0/0
  2841 | D:4      | Learned a level 3 spell: Dazzling Flash
  3083 | D:4      | 3083 ||| READING 3 scrolls labelled FAMNUA JONKO.
  3084 | D:4      | 3084 ||| READING scroll labelled UJYEM RAHIARPH.
  3085 | D:4      | 3085 ||| READING scroll labelled SUDUOT BI BOFA.
  3125 | D:4      | 3125 ||| DRINKING 2 sedimented purple potions.
  3234 | D:4      | 3234 ||| DROPPING potion of berserk rage.
  3235 | D:4      | 3235 ||| DROPPING 2 scrolls of poison.
  3617 | D:4      | 3617 ||| READING scroll labelled HAN IR UWINO.
  3718 | D:5      | Entered Level 5 of the Dungeon
  4141 | D:5      | Reached skill level 6 in Ranged Weapons
  4239 | D:5      | HP: 8/53 [iguana (11)]
  4240 | D:5      | 4240 ||| READING scroll of teleportation.
  4432 | D:5      | 4432 ||| READING scroll of identify.
  4432 | D:5      | 4432 ||| IDENTIFYING fuming inky potion
  4433 | D:5      | 4433 ||| DROPPING potion of degeneration.
  4441 | D:6      | 4441 ||| PLANNING OSSUARY
  4566 | D:6      | Reached XP level 8. HP: 53/58 MP: 0/0
  4693 | D:6      | Found a sand-covered staircase.
  4694 | D:6      | 4694 ||| READING scroll labelled TUUMUCVAIZA.
  4699 | Ossuary  | Entered an ossuary
  4971 | Ossuary  | Reached skill level 7 in Ranged Weapons
  5234 | Ossuary  | 5234 ||| READING 2 scrolls of identify.
  5234 | Ossuary  | 5234 ||| IDENTIFYING fizzy cyan potion
  5341 | Ossuary  | Slain by a mummy

Levels and vault maps discovered:
D:1:      ncdulo_smallfort, layout_basic, basic_ecumenical_altar
D:2:      layout_basic, uniq_natasha
D:3:      layout_basic
D:4:      minmay_chambers_of_fours, layout_rooms
D:5:      layout_cave_pools
D:6:      layout_basic, chequers_temple_overflow_statue_of_worship,
          minmay_temple_entry_mist, enter_ossuary_5
Ossuary:  ossuary_minmay_scorpions

Skill      XL: |  1  2  3  4  5  6  7  8 |
---------------+-------------------------+-----
Ranged Weapons | 4 5 6 7 |  7.5
Fighting       | 3 4 5 |  5.0
Dodging        | 3 4 |  4.2
Armour         | 1 |  1.3
Stealth        | |  0.7

Action                     |  1- 3 |  4- 6 |  7- 9 || total
---------------------------+-------+-------+-------++-------
   Fire: Shortbow          |    68 |   171 |   385 ||   624
    Use: Scroll            |     3 |     4 |     8 ||    15
         Potion            |       |     3 |     1 ||     4
 Armour: Leather armour    |     9 |    17 |       ||    26
         Ring mail         |       |    57 |   205 ||   262
  Dodge: Dodged            |    10 |    85 |   344 ||   439
         Repelled          |       |       |     2 ||     2

Table legend:
 A = Non-vault XP
 B = Vault XP
 C = Vault XP percentage of total XP
 D = Non-vault monster count
 E = Vault monster count
 F = Vault count percentage of total count
                 A         B        C        D         E       F
            +---------+---------+-------+---------+---------+-------
      Total |    1003 |     818 |  44.9 |      88 |      29 |  24.8
            +---------+---------+-------+---------+---------+-------
        D:1 |      42 |       0 |   0.0 |      24 |       0 |   0.0
        D:2 |      97 |      35 |  26.5 |      10 |       1 |   9.1
        D:3 |      46 |       0 |   0.0 |      18 |       0 |   0.0
        D:4 |     357 |      88 |  19.8 |      22 |       6 |  21.4
        D:5 |     194 |       0 |   0.0 |       8 |       0 |   0.0
        D:6 |     267 |       0 |   0.0 |       6 |       0 |   0.0
    Ossuary |       0 |     695 | 100.0 |       0 |      22 | 100.0
            +---------+---------+-------+---------+---------+-------
